 Dungeon Crawl Stone Soup version 0.31-a0-437-g7cee417757 (webtiles) character file.

Game seed: 2280813469658026283

191 Ethylacetat the Insei (level 5, -10/29 HPs)
             Began as a Vine Stalker Monk on Aug 2, 2023.
             Killed from afar by Ijyb (14 damage)
             ... with a bolt of light
             ... on level 3 of the Dungeon.
             The game lasted 00:04:44 (1990 turns).

Ethylacetat the Insei (Vine Stalker Monk)           Turns: 1990, Time: 00:04:44

Health: -10/29     AC: 10    Str: 13    XL:     5   Next: 70%
Magic:  0/6        EV:  4    Int: 10    God:
Gold:   55         SH:  0    Dex: 19    Spells: 0/4 levels left

rFire   . .          .
                       - Unarmed
rCold   . . .        c - orb {light}
rNeg    . . .        i - +0 plate armour
rPois   .            (no helmet)
rElec   .            (no cloak)
rCorr   +            (no gloves)
SInv    .            (no boots)
Will    .....        (no amulet) Stlth
                     n - ring of resist corrosion
HPRegen 1.04/turn    o - ring of wizardry
MPRegen 0.10/turn

%: guardian spirit, wizardry (x1)
@: confused, glowing
A: fangs 2, regeneration 1, magic shield, antimagic bite, no potion heal 2
a: no special abilities


You were on level 3 of the Dungeon.
You visited 1 branch of the dungeon, and saw 3 of its levels.

You collected 55 gold pieces.

Inventory:

Missiles
 h - 4 atropa-tipped darts (quivered)
Armour
 c - an orb of light (worn)
 i - a +0 plate armour (worn)
Jewellery
 n - a ring of resist corrosion (left hand)
 o - a ring of wizardry (right hand)
Wands
 k - a wand of polymorph (6)
Scrolls
 b - 4 scrolls of identify {unknown}
 e - a scroll of blinking {unknown}
 j - a scroll of enchant weapon {unknown}
Potions
 a - a potion of attraction {unknown}
 d - 5 potions of curing {unknown}
 f - 2 potions of degeneration {unknown}
 g - a potion of heal wounds {unknown}
 l - a potion of brilliance {unknown}
 m - a potion of invisibility {unknown}


   Skills:
 + Level 3.9 Fighting
 + Level 3.4 Dodging
 + Level 4.3 Unarmed Combat


You couldn't memorise any spells.
You knew the following spells:

 Your Spells              Type           Power      Damage    Failure   Level
a - Blink                 Tloc           0%         N/A       100%        2
b - Lesser Beckoning      Tloc           0%         N/A       100%        2

Your spell library contained the following spells:

 Spells                   Type           Power      Damage    Failure   Level
 Momentum Strike          Conj/Tloc      0%         3d8       100%        2
 Volatile Blastmotes      Fire/Tloc      0%         2d10      100%        3
 Fulminant Prism          Conj/Hex       0%         3d5       100%        4
 Iskenderun's Mystic Bla  Conj/Tloc      0%         2d3       100%        4
 Conjure Ball Lightning   Conj/Air       0%         3x3d6     100%        6
 Discord                  Hex            0%         N/A       100%        8
 Disjunction              Tloc           0%         N/A       100%        8


Dungeon Overview and Level Annotations

Branches:
Dungeon (3/15)

Altars:
Yredelemnul

Shops:
D:3 (

Annotations:
D:3 Ijyb


Innate Abilities, Weirdness & Mutations

You have extremely sharp teeth.
Your natural rate of healing is unusually fast.
When hurt, damage is shared between your health and your magic reserves.
Your bite disrupts and absorbs the magic of your enemies.
Potions cannot restore your health.


Message History

You hit Ijyb but do no damage. You bite Ijyb. You drain her power.
Ijyb is heavily wounded.
Ijyb barely misses you.
You hit Ijyb. You bite Ijyb, but do no damage.
Ijyb is heavily wounded.
Ijyb hits you but does no damage.
You hit Ijyb. You bite Ijyb, but do no damage.
Ijyb is heavily wounded.
Ijyb hits you but does no damage.
You hit Ijyb but do no damage.
Ijyb is heavily wounded.
Ijyb hits you but does no damage.
You hit Ijyb but do no damage.
Ijyb is heavily wounded.
You hit Ijyb.
Ijyb is severely wounded.
Ijyb hits you with a +0 dagger.
You hit Ijyb but do no damage.
Ijyb is severely wounded.
Ijyb hits you with a +0 dagger.
You hit Ijyb but do no damage.
Ijyb is severely wounded.
Ijyb zaps a wand.
The bolt of light hits you!
You are confused.
You're too confused to move!
Ijyb zaps a wand.
The bolt of light hits you!
You are more confused.
You bump into the rock wall.
Ijyb hits you with a +0 dagger.
You hit Ijyb but do no damage.
Ijyb is severely wounded.
Ijyb hits you but does no damage.
You bump into the rock wall.
Ijyb hits you but does no damage.
You bump into the rock wall.
You feel less confused.
Ijyb zaps a wand.
The bolt of light hits you!
* * * LOW HITPOINT WARNING * * *
You barely miss Ijyb.
Ijyb is severely wounded.
Ijyb zaps a wand.
The bolt of light hits you!
You are confused.
You die...

####.# #.# #.# ####.#####
######### .........# .......
.........# ..... .........# ...
#..# .........# #g# #..
.........# #@# #.. ......<..# #.#
#.. ####.##### #.# #.♣♣♣♣♣♣♣ #.#
#.# #.♣.....♣ #.###########.#
#.♣.._..♣
####.............########.♣♣...♣♣
........................>......#
#########..................#..##
........)......#########.###..###


You could see Ijyb.

Vanquished Creatures
  Jessica (D:2)
  Natasha (thrice) (D:2)
  2 adders (D:2)
  2 worms (D:3)
  2 dart slugs
  6 orcs (D:3)
  8 ball pythons
  9 bats
  3 endoplasms (D:1)
  4 giant cockroaches
  6 goblins
  A hobgoblin (D:1)
  A quokka (D:3)
  4 frilled lizards
  3 kobolds
  5 rats
60 creatures vanquished.

Notes
Turn   | Place    | Note
-------+----------+-------------------------------------------
     0 | D:1      | Ethylacetat the Vine Stalker Monk began the quest for the
                  | Orb.
     0 | D:1      | Reached XP level 1. HP: 11/11 MP: 2/2
   129 | D:1      | Reached XP level 2. HP: 8/16 MP: 3/3
   635 | D:1      | Reached XP level 3. HP: 20/20 MP: 4/4
   828 | D:2      | Noticed Natasha
   840 | D:2      | Killed Natasha
   944 | D:2      | Gained mutation: Your natural rate of healing is unusually
                  | fast. [Vine Stalker growth]
   944 | D:2      | Reached XP level 4. HP: 19/24 MP: 5/5
  1088 | D:2      | Found a faded altar of an unknown god.
  1218 | D:2      | Noticed Jessica
  1228 | D:2      | Killed Jessica
  1285 | D:2      | Reached skill level 4 in Unarmed Combat
  1436 | D:2      | Noticed Natasha
  1441 | D:2      | Killed Natasha
  1442 | D:2      | Reached XP level 5. HP: 29/29 MP: 6/6
  1458 | D:2      | Noticed Natasha
  1470 | D:2      | Killed Natasha
  1521 | D:3      | Found a basalt altar of Yredelemnul.
  1597 | D:3      | Found Xodea's Weapon Shoppe.
  1597 | D:3      | Noticed a +0 executioner's axe
  1599 | D:3      | Noticed a +0 triple sword
  1633 | D:3      | Learned a level 2 spell: Blink
  1636 | D:3      | Learned a level 2 spell: Lesser Beckoning
  1969 | D:3      | Noticed Ijyb
  1990 | D:3      | Killed from afar by Ijyb

Illustrated notes

Levels and vault maps discovered:
D:1:      dpeg_arrival_connections, layout_basic
D:2:      layout_basic, dilly_ecumenical_altar_fadedgnrine,
          guppyfry_early_lair_pool, uniq_natasha, uniq_jessica
D:3:      layout_basic, mainiacjoe_overflow_alcove_1, serial_shops,
          nicolae_shop_mannequins, hangedman_abyss_or_decor_lesser_grid,
          minmay_misc_feat_five, nicolae_concentric_dashed_squares_mild,
          uniq_ijyb

Skill      XL: |  1  2  3  4 |
---------------+-------------+-----
Fighting       | 3 |  3.9
Dodging        | 3 |  3.4
Unarmed Combat | 4 |  4.3

Action                     |  1- 3 |  4- 6 || total
---------------------------+-------+-------++-------
  Melee: Unarmed           |    66 |    95 ||   161
         Bite              |    21 |    29 ||    50
 Armour: Robe              |    14 |       ||    14
         Plate armour      |     7 |    51 ||    58
  Dodge: Dodged            |    50 |    21 ||    71

Table legend: (Time is in decaauts)
 A = Elapsed time spent in this place.
 B = Non-inter-level travel time spent in this place.
 C = Inter-level travel time spent in this place.
 D = Time resting spent in this place.
 E = Time spent auto-exploring this place.
 F = Levels seen in this place.
 G = Mean time per level.
                   A        B        C        D        E       F      G
               +--------+--------+--------+--------+--------+-----+--------+
         Total |   1979 |   1923 |     56 |      0 |   1525 |   3 |  659.7 |
       Dungeon |   1979 |   1923 |     56 |      0 |   1525 |   3 |  659.7 |
               +--------+--------+--------+--------+--------+-----+--------+

Top non-repeatable levels by time:
     D:1: 806 daAuts
     D:2: 670 daAuts
     D:3: 503 daAuts
